 Dungeon Crawl Stone Soup version 0.21-a0-2-ge494091 (webtiles) character file.

4797 Thatotherguy the Spear-Bearer (level 10, -1/82 HPs)
             Began as a Demonspawn Abyssal Knight on May 23, 2017.
             Was an Elder of Lugonu.
             Slain by an orc warrior
             ... wielding a +0 war axe
              (16 damage)
             ... on level 9 of the Dungeon.
             The game lasted 00:17:33 (9672 turns).

Thatotherguy the Spear-Bearer (DsAK)                Turns: 9672, Time: 00:17:34

Health: -1/82      AC: 19    Str: 16    XL:     10   Next: 24%
Magic:  12/13      EV:  4    Int: 14    God:    Lugonu [****..]
Gold:   475        SH:  0    Dex: 12    Spells: 9/9 levels left

rFire    . . .     SeeInvis .   C - +1 halberd
rCold    . . .     Gourm    .   (shield currently unavailable)
rNeg     . . .     Faith    .   L - +0 plate armour
rPois    .         Spirit   .   t - +0 helmet
rElec    .         Reflect  .   (no cloak)
rCorr    .         Harm     .   e - +0 pair of gloves
MR       .....                  y - +2 pair of boots
Stlth    ..........             x - amulet of magic regeneration
Regen    0.3/turn               (no ring)
MPRegen  0.2/turn               I - ring of flight

@: no status effects
A: talons 2, thin metallic scales 2, demonic guardian 2, powered by death 2
a: Depart the Abyss, Bend Space, Banish, Corrupt, Renounce Religion, Evoke
Flight


You were on level 9 of the Dungeon.
You worshipped Lugonu.
Lugonu was greatly pleased with you.
You were not hungry.

You visited 1 branch of the dungeon, and saw 9 of its levels.
You visited the Abyss 1 time.
You also visited: Ossuary.

You collected 601 gold pieces.
You spent 126 gold pieces at shops.

Inventory:

Hand Weapons
 a - a +1 spear
 v - a +3 long sword
 C - a +1 halberd (weapon)
Armour
 e - a +0 pair of gloves (worn)
 t - a +0 helmet (worn)
 y - a +2 pair of boots (worn)
 L - a +0 plate armour (worn)
Jewellery
 x - an amulet of magic regeneration (around neck)
 I - a ring of flight (right hand)
Wands
 F - a wand of acid (5/15)
 J - a wand of disintegration (10/24)
Scrolls
 b - 2 scrolls of teleportation
 h - 9 scrolls of remove curse
 i - 6 scrolls of identify
 k - 5 scrolls of amnesia {unknown}
 l - 3 scrolls of noise {unknown}
 n - a scroll of enchant armour {unknown}
 o - a scroll of magic mapping {unknown}
 r - 2 scrolls of enchant weapon
 A - 4 scrolls of blinking {unknown}
 K - a scroll of vulnerability {unknown}
 N - a scroll of recharging
Potions
 f - 3 potions of lignification {unknown}
 g - 5 potions of agility
 j - a potion of haste {unknown}
 m - 3 potions of heal wounds
 p - a potion of brilliance {unknown}
 q - a potion of berserk rage
 s - 3 potions of mutation {unknown}
 z - a potion of flight {unknown}
 B - 3 potions of resistance {unknown}
 D - 3 potions of degeneration {unknown}
 E - 3 potions of curing
 H - a potion of cancellation {unknown}
 M - a potion of might
Books
 w - a book of Cantrips

   Spells                             Type                      Level
   a - Confusing Touch                Hexes                        1
   b - Animate Skeleton               Necromancy                   1
   c - Summon Small Mammal            Summoning                    1
   d - Apportation                    Translocation                1
 G - a book of Conjurations

   Spells                             Type                      Level
   a - Magic Dart                     Conjuration                  1
   b - Searing Ray                    Conjuration                  2
   c - Dazzling Spray                 Conjuration/Hexes            3
   d - Fulminant Prism                Conjuration/Hexes            4
   e - Force Lance                    Conjuration/Translocation    4
   f - Iskenderun's Mystic Blast      Conjuration                  4
Comestibles
 c - 5 bread rations
 d - 6 royal jellies
 u - a meat ration
 O - 2 fruits
 P - 2 chunks of flesh


   Skills:
 - Level 8.5 Fighting
 + Level 11.5 Polearms
 - Level 1.7 Armour
 - Level 0.8 Dodging
 - Level 4.4 Invocations


You had 9 spell levels left.
You didn't know any spells.

Dungeon Overview and Level Annotations

Branches:
Dungeon (9/15)               Lair (0/6) D:9
 Temple: D:4-7          Orc: D:9-12

Altars:
Ashenzari
Cheibriados
Gozag
Makhleb
Qazlal
Ru
Sif Muna
Zin

Shops:
D:7 }[(%   D:8 %   D:9 !}


Innate Abilities, Weirdness & Mutations

You have razor-sharp toenails.
You are mostly covered in thin metallic scales. (AC +3)
A demonic guardian rushes to your aid.
You regenerate health from kills.


Message History

The orc warrior completely misses you.
You puncture the orc warrior!
The orc warrior is severely wounded.
The orc warrior hits you with a war axe!
You closely miss the orc warrior.
The orc warrior is severely wounded.
The orc warrior hits you but does no damage. x2
You closely miss the orc warrior.
The orc warrior is severely wounded.
The orc warrior hits you with a war axe!
You hit the orc warrior but do no damage.
The orc warrior is severely wounded.
The orc warrior hits you with a war axe!!
You slash the orc warrior!
The orc warrior is almost dead.
The orc warrior hits you with a war axe!!
* * * LOW HITPOINT WARNING * * *
Space bends around you!
You blink.
The orc warrior hits you with a war axe!
You die...

####.._..#.##.)≈≈≈≈...#
#...
#.....#....)......##
###. ####.######.......#
#. #..######...#.#.###
#) ..................#
#.
########.##..#.#.#.####.
.......§###.#.#.#......
#######o###.#.#.#######
#@.)..............
#....#>#.#.#######
......#.#.#.#..).#
#######.#.#.####.#
#.#.#.# #.# #.#.#.# #.#
#.#.#.# #.# #.#.#.####.#
#.#......#


You could see an orc warrior (berserk).

Vanquished Creatures
  A two-headed ogre (D:8)
  A water moccasin (D:8)
  2 sky beasts (D:6)
  An ice beast (D:5)
  2 black bears
  2 orc warriors
  An ogre (D:4)
  5 centaurs
  2 elf zombies (Ossuary)
  4 bullfrogs
  A wyvern skeleton (D:8)
  9 wights (D:7)
  2 howler monkeys
  2 crimson imps
  2 bullfrog zombies
  2 hounds
  A human zombie (Ossuary)
  A centaur skeleton (D:5)
  3 orc priests
  A jelly (D:8)
  4 orc wizards
  2 iguanas
  6 worker ants
  2 big kobold zombies (Ossuary)
  A hound zombie (D:9)
  2 mummies (Ossuary)
  8 adders
  5 gnolls
  A shadow imp (D:7)
  2 oozes
  4 adder zombies
  A worm (D:6)
  2 dart slugs
  2 leopard geckos
  20 orcs
  3 giant cockroaches
  7 goblins
  4 hobgoblins
  2 jackals (D:6)
  8 kobolds
  5 quokkas
  4 bats
  8 frilled lizards
  4 hobgoblin zombies (Ossuary)
  6 kobold zombies (Ossuary)
  13 orc zombies (Ossuary)
  22 rats
193 creatures vanquished.

Vanquished Creatures (collateral kills)
  A manticore (D:7)
  Grinder (D:6)
  A hornet (D:7)
  A hungry ghost (D:7)
  Menkaure (D:7)
  A water moccasin (D:7)
  2 orc warriors (D:7)
  A centaur (D:6)
  An elf zombie (Ossuary)
  An electric eel (D:7)
  A crimson imp (D:6)
  A centaur zombie (Ossuary)
  An orc wizard (D:7)
  A bullfrog skeleton (D:6)
  A big kobold zombie (Ossuary)
  An adder (D:7)
  An adder zombie (Ossuary)
  An orc (D:7)
  A hobgoblin zombie (Ossuary)
  A jackal zombie (Ossuary)
  2 kobold zombies (Ossuary)
23 creatures vanquished.

Vanquished Creatures (others)
  An orc wizard (D:8)
  5 toadstools (D:1)
6 creatures vanquished.

Grand Total: 222 creatures vanquished

Notes
Turn   | Place    | Note
-------+----------+-------------------------------------------
     0 | Abyss:1  | Thatotherguy the Demonspawn Abyssal Knight began the quest for the Orb.
     0 | Abyss:1  | Reached XP level 1. HP: 18/18 MP: 2/2
    31 | Abyss:1  | Noticed a thrashing horror
    31 | Abyss:1  | Noticed an insubstantial wisp
    32 | D:1      | Escaped the Abyss
    86 | D:1      | Reached skill level 2 in Polearms
   231 | D:1      | Gained mutation: You are partially covered in thin metallic scales. (AC +2) [demonic ancestry]
   231 | D:1      | Reached XP level 2. HP: 22/24 MP: 3/3
   286 | D:1      | Reached * piety under Lugonu
   692 | D:2      | Reached skill level 3 in Polearms
   692 | D:2      | Reached XP level 3. HP: 29/29 MP: 4/4
  1571 | D:3      | Gained mutation: You regenerate a little health from kills. [demonic ancestry]
  1571 | D:3      | Reached XP level 4. HP: 25/35 MP: 5/5
  1766 | D:3      | Reached skill level 4 in Polearms
  2586 | D:3      | Reached ** piety under Lugonu
  3229 | D:4      | Noticed an ogre
  3254 | D:4      | Killed an ogre
  3254 | D:4      | Reached skill level 5 in Polearms
  3254 | D:4      | Gained mutation: You have sharp toenails. [demonic ancestry]
  3254 | D:4      | Reached XP level 5. HP: 34/41 MP: 6/6
  3929 | D:5      | Entered Level 5 of the Dungeon
  3974 | D:5      | Gained mutation: A weak demonic guardian rushes to your aid. [demonic ancestry]
  3974 | D:5      | Reached XP level 6. HP: 32/47 MP: 7/7
  4197 | D:5      | Reached skill level 6 in Polearms
  4224 | D:5      | Found a sand-covered staircase.
  4243 | Ossuary  | Entered an ossuary
  4372 | Ossuary  | Reached *** piety under Lugonu
  4429 | Ossuary  | Reached skill level 7 in Polearms
  4429 | Ossuary  | Gained mutation: You are mostly covered in thin metallic scales. (AC +3) [demonic ancestry]
  4429 | Ossuary  | Reached XP level 7. HP: 52/52 MP: 8/8
  4861 | D:5      | Reached skill level 8 in Polearms
  5043 | D:6      | Gained mutation: A demonic guardian rushes to your aid. [demonic ancestry]
  5043 | D:6      | Reached XP level 8. HP: 49/58 MP: 9/9
  5105 | D:6      | Reached skill level 9 in Polearms
  5299 | D:6      | Reached **** piety under Lugonu
  5651 | D:6      | Found a stormy altar of Qazlal.
  5674 | D:6      | Reached skill level 10 in Polearms
  5688 | D:6      | Noticed Grinder
  5700 | D:6      | Killed Grinder
  5712 | D:6      | Found a glowing silver altar of Zin.
  6054 | D:7      | Found Lanaipn's Gadget Shoppe.
  6105 | D:7      | Found a sacrificial altar of Ru.
  6191 | D:7      | Found Qihaepp's Food Emporium.
  6486 | D:7      | Noticed Menkaure
  6486 | D:7      | Found Lonocs's Armour Shop.
  7188 | D:7      | Gained mutation: You regenerate health from kills. [demonic ancestry]
  7188 | D:7      | Reached XP level 9. HP: 42/63 MP: 12/12
  7424 | D:7      | Found Ipnus's Weapon Emporium.
  7476 | D:7      | Reached skill level 11 in Polearms
  7776 | D:7      | Killed Menkaure
  7856 | D:7      | Noticed a manticore
  7863 | D:7      | Killed a manticore
  7863 | D:7      | Reached skill level 5 in Fighting
  8275 | D:8      | Noticed a two-headed ogre
  8285 | D:8      | Killed a two-headed ogre
  8285 | D:8      | Gained mutation: You have razor-sharp toenails. [demonic ancestry]
  8285 | D:8      | Reached XP level 10. HP: 79/79 MP: 13/13
  8346 | D:8      | Got a slimy leather armour
  8357 | D:8      | Identified the +1 leather armour of Honesty {rN+} (You found it on level 8 of the Dungeon)
  8821 | D:8      | Found a shattered altar of Ashenzari.
  8852 | D:8      | Found Toguck Tuku's Food Shoppe.
  8934 | D:9      | Found Tudwap Helo's Gadget Shoppe.
  8939 | D:9      | Found Fapra's Distillery.
  8947 | D:9      | Bought a potion of might for 56 gold pieces
  8947 | D:9      | Bought a potion of heal wounds for 70 gold pieces
  8975 | D:9      | Found a deep blue altar of Sif Muna.
  8975 | D:9      | Found a snail-covered altar of Cheibriados.
  8977 | D:9      | Found a burning altar of Makhleb.
  8977 | D:9      | Found an opulent altar of Gozag.
  9636 | D:9      | Found a staircase to the Lair.
  9672 | D:9      | Slain by an orc warrior

Vault maps used:
D:1:      ldierk_walled_garden
D:2:      first_bread, minivault_5
D:3:      minmay_rat_hole
D:5:      nicolae_overflow_hidden_temple, temple_hall, enter_ossuary_3
D:6:      overflow_temple_1_default, zin_scriptorium, grunt_decor_fettered,
          uniq_grinder
D:7:      lemuel_doored_altar, serial_shops, nicolae_shop_trees,
          kennysheep_little_box, nicolae_shop_waterfront,
          nicolae_shop_waterfront, uniq_menkaure
D:8:      kennysheep_mini, serial_shops, shop
D:9:      chequers_temple_overflow_statue_of_worship, lair_entry_dummy,
          serial_shops, shop, shop, nicolae_shop_behind_doors,
          hangedman_fish_farm, serial_park_tiny_pond,
          minmay_misc_feat_more_columns
Abyss:1:  hangedman_abyss_or_decor_stagger
Ossuary:  ossuary_tomb_1

Skill      XL: |  1  2  3  4  5  6  7  8  9 10 |
---------------+-------------------------------+-----
Polearms       | 2 3 5 7 8 10 11 | 11.5
Invocations    | 4 |  4.4
Fighting       | 7 8 |  8.5
Armour         | |  1.7
Dodging        | |  0.8

Action                   |  1- 3 |  4- 6 |  7- 9 | 10-12 || total
-------------------------+-------+-------+-------+-------++-------
Melee: Spear             |   122 |   199 |       |       ||   321
       Kick              |       |    15 |       |       ||    15
       Halberd           |       |   103 |   413 |   122 ||   638
Invok: Depart the Abyss  |     1 |       |       |       ||     1
       Bend Space        |       |       |       |     1 ||     1
  Use: Potion            |       |     4 |       |       ||     4
       Scroll            |       |       |     7 |       ||     7
 Stab: Sleeping          |     1 |       |       |       ||     1
       Distracted        |       |     1 |     1 |       ||     2
  Eat: Chunk             |     2 |     9 |    13 |     4 ||    28
       Bread ration      |       |       |     2 |       ||     2
Armor: Leather armour    |    11 |       |       |       ||    11
       Ring mail         |    11 |    18 |       |       ||    29
       Scale mail        |       |   108 |   187 |       ||   295
       Plate armour      |       |       |    31 |    47 ||    78
Dodge: Dodged            |    44 |   108 |   136 |    24 ||   312
